 Dungeon Crawl Stone Soup version 0.20.0-15-g7f486f2 (webtiles) character file.

95 sagitran the Chopper (level 4, -4/32 HPs)
             Began as a Demonspawn Wanderer on June 11, 2017.
             Slain by a worm (8 damage)
             ... in a sewer.
             The game lasted 00:28:03 (1491 turns).

sagitran the Chopper (Demonspawn Wanderer)          Turns: 1491, Time: 00:28:04

Health: -4/32      AC:  4    Str: 12    XL:     4   Next: 40%
Magic:  5/5        EV: 14    Int: 18    God:
Gold:   165        SH:  0    Dex:  9    Spells: 1/5 levels left

rFire    . . .     SeeInvis .   t - +0 war axe
rCold    . . .     Gourm    .   (no shield)
rNeg     . . .     Faith    .   d - +0 robe
rPois    .         Spirit   .   (no helmet)
rElec    .         Reflect  .   (no cloak)
rCorr    .         Harm     .   (no gloves)
MR       .....                  (no boots)
Stlth    +.........             n - amulet of rage
Regen    0.1/turn               g - +2 ring of evasion
MPRegen  0.1/turn               p - ring of wizardry

@: very slow
A: talons 1, molten scales 1
a: Evoke Berserk Rage


You were in a sewer.
You were not hungry.

You visited 1 branch of the dungeon, and saw 3 of its levels.
You also visited: Sewer.

You collected 165 gold pieces.

Inventory:

Hand Weapons
 t - a +0 war axe (weapon)
Missiles
 k - 2 tomahawks (quivered)
Armour
 d - a +0 robe (worn)
Jewellery
 g - a +2 ring of evasion (left hand)
 n - an amulet of rage (around neck)
 p - a ring of wizardry (right hand)
Scrolls
 c - a scroll of teleportation
 i - a scroll of fog {unknown}
 j - a scroll of enchant armour {unknown}
 l - 2 scrolls of fear {unknown}
 m - 2 scrolls of magic mapping
 o - a scroll of remove curse {unknown}
 q - a scroll of recharging {unknown}
 r - 2 scrolls of blinking {unknown}
Potions
 b - a potion of lignification {unknown}
 h - a potion of berserk rage
Books
 a - a book of Minor Magic

   Spells                             Type                      Level
   a - Magic Dart                     Conjuration                  1
   b - Blink                          Translocation                2
   c - Call Imp                       Summoning                    2
   d - Slow                           Hexes                        2
   e - Conjure Flame                  Conjuration/Fire             3
   f - Mephitic Cloud                 Conjuration/Poison/Air       3
Comestibles
 f - 3 bread rations
 s - 2 royal jellies


   Skills:
 + Level 1.0 Fighting
 + Level 3.6 Axes
 + Level 1.8 Throwing
 + Level 2.0 Armour
 + Level 1.2 Dodging
 + Level 0.2 Stealth
   Level 1.0 Shields
 + Level 1.2 Spellcasting
 + Level 0.2 Conjurations
 + Level 1.7 Fire Magic


You had one spell level left.
You knew the following spells:

 Your Spells              Type           Power        Failure   Level  Hunger
a - Magic Dart            Conj           #...         8%          1    ##.....
b - Conjure Flame         Conj/Fire      #.......     16%         3    ####...


Dungeon Overview and Level Annotations

Branches:
Dungeon (3/15)

Altars:
Cheibriados


Innate Abilities, Weirdness & Mutations

You have sharp toenails.
You are partially covered in molten scales. (AC +2)


Message History

You throw a tomahawk. The tomahawk hits the worm.
The worm is moderately wounded.
You hear a splash.
You enter the shallow water.
Moving in this stuff is going to be slow.
You slash the worm!
The worm is almost dead.
The worm splashes around in the water.
You barely miss the worm.
The worm is almost dead.
The worm bites you.
* * * LOW HITPOINT WARNING * * *
You barely miss the worm. Your kick misses the worm.
The worm is severely wounded.
You feel a little less mighty now. The worm barely misses you.
You hit the worm.
The worm is almost dead.
The worm bites you!
You die...

.. ≈≈ #≈ #≈# #≈#
##≈## ##≈≈.## .
####≈≈≈∩.####.≈≈.
≈≈≈≈≈.∩..@wr≈≈...
####...≈.####..≈.
##≈≈.## ≈ ##≈##
#≈# #≈# #≈# #≈#
.≈≈


You could see a worm and a river rat.

Vanquished Creatures
  5 adders (D:2)
  2 worms
  4 giant cockroaches
  6 goblins
  A hobgoblin (D:3)
  2 jackals (D:1)
  A quokka (D:2)
  A ball python (D:2)
  6 bats
  4 frilled lizards
  12 kobolds
  8 rats
52 creatures vanquished.

Notes
Turn   | Place    | Note
-------+----------+-------------------------------------------
     0 | D:1      | sagitran the Demonspawn Wanderer began the quest for the Orb.
     0 | D:1      | sagitran set off with: a book of Minor Magic, a +0 hand axe, a scroll of teleportation, a +0 robe, a bread ration
     0 | D:1      | Reached XP level 1. HP: 13/13 MP: 2/2
     2 | D:1      | Learned a level 1 spell: Magic Dart
   261 | D:1      | Reached skill level 3 in Axes
   387 | D:1      | Gained mutation: You have sharp toenails. [demonic ancestry]
   387 | D:1      | Reached XP level 2. HP: 15/19 MP: 3/3
   597 | D:2      | Gained mutation: You are partially covered in molten scales. (AC +2) [demonic ancestry]
   597 | D:2      | Reached XP level 3. HP: 21/25 MP: 4/4
   600 | D:2      | Found a snail-covered altar of Cheibriados.
   641 | D:2      | Learned a level 3 spell: Conjure Flame
   786 | D:2      | HP: 1/25 [poisoned by an adder]
   943 | D:2      | Reached XP level 4. HP: 31/31 MP: 1/5
  1007 | D:2      | Reached skill level 1 in Dodging
  1444 | D:3      | Found a glowing drain.
  1464 | D:3      | Reached skill level 1 in Fighting
  1475 | Sewer    | Entered a sewer
  1491 | Sewer    | Slain by a worm

Skill      XL: |  1  2  3  4 |
---------------+-------------+-----
Axes           | 3 |  3.6
Armour         | 2 |  2.0
Dodging        | 1 |  1.2
Fighting       | 1 |  1.0
Throwing       | |  1.8
Stealth        | |  0.2
Shields        | |  1.0
Spellcasting   | |  1.2
Conjurations   | |  0.2
Fire Magic     | |  1.7

Action                   |  1- 3 |  4- 6 || total
-------------------------+-------+-------++-------
Melee: Hand axe          |   108 |    33 ||   141
       Kick              |     9 |     7 ||    16
       War axe           |       |    19 ||    19
Throw: Tomahawk          |    33 |    12 ||    45
 Cast: Magic Dart        |     7 |     7 ||    14
       Conjure Flame     |       |     1 ||     1
  Use: Scroll            |     2 |       ||     2
       Potion            |     4 |     1 ||     5
  Eat: Bread ration      |       |     1 ||     1
Armor: Robe              |    31 |    15 ||    46
Dodge: Dodged            |   113 |    48 ||   161
